AoeStats
← fat_dgk

Pilgrims

507655018Analyzed
4v4 RM · 14d ago on Sep 19, 2026· 19m 58s· 8 players
Game mode
Random Map
Map size
Large (8 player)
Population
200
Speed
Normal
Resources
Standard
Victory
Conquest
Starting age
Dark Age
Ending age
Imperial Age
RankedLock teamsTeams togetherTeam positionsShared explorationLock speedFull tech treeHidden civsTurbo modeCheats
Victory
Defeat
🇧🇷 Sicilians · Brazil
1294
+13
🇨🇱 Armenians · Chile
1238
+16
🇦🇷 Magyars · Argentina
1227
+16
🇵🇪 Mapuche · Peru
1214
+17
🇨🇳 Bulgarians · China
1290
-20
🇦🇺 Japanese · Australia
1228
-15
🇹🇼 Armenians · Taiwan
1213
-15
🇹🇼 Italians · Taiwan
1202
-14
Alicat
5:50 Loom
12:13 Feudal Age
14:31 Town Watch
14:59 Fletching
15:57 Fishing Lines
18:20 Castle Age
16:12 Double-Bit Axe
19:01 Bodkin Arrow
19:21 Medium Warships
19:02 Gillnets
馬上贏
4:37 Loom
9:37 Feudal Age
10:06 Town Watch
15:38 Castle Age
13:21 Fishing Lines
15:37 Wheelbarrow
15:49 Double-Bit Axe
15:54 Gold Mining
2110316511
10:32 Feudal Age
ryan20160922
14:37 Feudal Age
16:33 Double-Bit Axe
21:07 Castle Age
fat_dgk
9:29 Loom
11:33 Feudal Age
12:30 Stone Mining
15:15 Castle Age
13:47 Double-Bit Axe
14:56 Fletching
19:13 Bodkin Arrow
Marlok
13:55 Feudal Age
17:19 Double-Bit Axe
17:29 Gold Mining
18:03 Fletching
21:47 Castle Age
Dashimir
5:48 Loom
10:35 Feudal Age
11:04 Town Watch
16:39 Wheelbarrow
17:26 Fletching
17:37 Scale Mail Armor
Meta meta
4:56 Loom
10:45 Feudal Age
11:44 Double-Bit Axe
16:10 Scale Barding Armor
21:43 Castle Age
19:54 Gold Mining
19:46 Horse Collar
Connection lost

Rejoining the realm…

Still unreachable

The connection could not be restored.

Session expired

The server has moved on; the page needs a fresh start.